 Dungeon Crawl Stone Soup version 0.18-a0-750-g37044d6 (webtiles) character file.

159819 Mindmaker the Warrior (level 17, -14/191 HPs)
             Began as an Ogre Chaos Knight on Dec 11, 2015.
             Demolished by an enormous slime creature (28 damage)
             ... on level 4 of the Swamp on Dec 12, 2015.
             The game lasted 03:12:54 (35086 turns).

Mindmaker the Warrior (Ogre Chaos Knight)          Turns: 35086, Time: 03:12:56

Health: -14/191    AC: 13    Str: 26      XL:     17   Next: 75%
Magic:  0/18       EV: 19    Int: 10 (11) God:    Xom [*.....]
Gold:   6947       SH: 21    Dex: 16      Spells: 0 memorised, 16 levels left

rFire  . . .     SeeInvis .     v - +6 eveningstar "Covuel" {drain, rN+}
rCold  + + .     Clarity  .     J - +2 robe of vines {NoDeviceHeal Regen+7}
rNeg   + . .     SustAt   .     O - +1 large shield {AC+3}
rPois  .         Gourm    .     y - +1 hat {Spirit}
rElec  +         Spirit   +     z - +1 cloak {+Inv}
rCorr  .         Dismiss  .     (gloves unavailable)
rMut   .         Stasis   .     (boots unavailable)
MR     +....                    Y - amulet of faith
Stlth  ++........               R - +5 ring of strength
                                j - ring "Juelopi" {rElec Slay+3}

@: lethally poisoned (-14 -> -14), slowed, very slow, somewhat resistant to
hostile enchantments, unstealthy
A: unfitting armour, horns 1, repulsion field 1, slimy green scales 1, thin
skeletal structure 1, blurry vision 1, cold resistance 2, deterioration 1, high
mp 1, electricity resistance, tough skin 1
a: Renounce Religion, Evoke Invisibility


You were on level 4 of the Swamp.
You worshipped Xom.
You were a special plaything of Xom.
You were hungry.

You visited 6 branches of the dungeon, and saw 33 of its levels.
You also visited: Labyrinth and Ice Cave.

You collected 8572 gold pieces.
You spent 1625 gold pieces at shops.

Inventory:

Hand Weapons
 v - the +6 eveningstar "Covuel" (weapon) {drain, rN+}
   (You found it on level 14 of the Dungeon)

   A truly terrible weapon, it drains the life of those it strikes.
   It protects you from negative energy.
 V - a +2 giant spiked club of draining
Missiles
 s - 44 tomahawks (quivered)
 A - 6 poisoned javelins
 G - 6 large rocks
Armour
 y - a +1 hat of spirit shield (worn)
 z - a +1 cloak of invisibility (worn)
 J - the +2 robe of vines (worn) {NoDeviceHeal Regen+7}
   (You found it on level 11 of the Dungeon)

   It increases your rate of regeneration.
 O - a +1 large shield of protection (worn)
Jewellery
 f - an uncursed ring of flight
 j - the ring "Juelopi" (left hand) {rElec Slay+3}
   (You acquired it on level 1 of the Orcish Mines)

   [ring of slaying]

   It affects your accuracy and damage with ranged weapons and melee attacks
   (+3).
   It insulates you from electricity.
 o - an uncursed amulet of stasis
 r - an uncursed amulet of dismissal
 Q - an uncursed amulet of resist corrosion
 R - a +5 ring of strength (right hand)
 Y - an amulet of faith (around neck)
Wands
 u - a wand of disintegration (14)
 w - a wand of teleportation (3)
 B - a wand of heal wounds (3)
 I - a wand of digging (17)
 U - a wand of hasting (6)
Scrolls
 a - a scroll of magic mapping
 h - 9 scrolls of remove curse
 m - 6 scrolls of recharging
 n - 4 scrolls of immolation
 q - 3 scrolls of teleportation
 C - 2 scrolls of blinking
 L - 5 scrolls of fear
 N - a scroll of summoning
 P - a scroll of fog
Potions
 d - a potion of resistance
 e - 2 potions of flight
 g - 7 potions of curing
 k - 4 potions of heal wounds
 p - a potion of lignification
 D - a potion of ambrosia
 E - 2 potions of might
 H - 2 potions of cancellation
 M - a potion of haste
 X - a potion of agility
Miscellaneous
 b - a phial of floods
 x - a phial of floods
 K - a lamp of fire
Comestibles
 c - 18 bread rations
 i - 3 royal jellies
 l - 15 meat rations
 t - 5 chunks of flesh
 S - 13 fruits
 W - 10 slices of pizza


   Skills:
 - Level 17.1 Fighting
 + Level 16.9 Maces & Flails
 - Level 13.8 Throwing
 - Level 7.3 Armour
 - Level 12.0 Dodging
 - Level 12.0 Shields


You had 16 spell levels left.
You didn't know any spells.

Dungeon Overview and Level Annotations

Branches:
Dungeon (15/15)            Temple (1/1) D:4            Lair (8/8) D:11
  Swamp (4/4) Lair:6       Spider (1/4) Lair:4        Slime (0/6) Lair:8
    Orc (4/4) D:10            Elf (0/3) Orc:4        Vaults (0/5) D:14
 Depths: D:15

Altars:
Ashenzari
Cheibriados
Dithmenos
Elyvilon
Fedhas
Gozag
Kikubaaqudgha
Makhleb
Nemelex Xobeh
Okawaru
Pakellas
Qazlal
Ru
Sif Muna
Trog
Vehumet
Xom
Yredelemnul
Zin
The Shining One
Beogh

Shops:
D:8 [   D:12 *   D:14 %%?   Orc:2 [   Orc:4 [:[[

Portals:
Trove: D:12 (give 6 potions of haste)

Annotations:
D:8 Maurice


Innate Abilities, Weirdness & Mutations

You are too large for most types of armour.
You have tough skin (AC +1).
You have a pair of small horns on your head.
You are surrounded by a mild repulsion field (EV +2).
You are partially covered in slimy green scales (AC +2).
You have a somewhat thin skeletal structure (Dex +2, Stealth).
Scrolls take you a little longer to read.
Your flesh is very cold resistant.
Your body sometimes deteriorates upon taking damage.
You have an increased reservoir of magic (+10% MP).
You are resistant to electric shocks.


Message History

* * * LOW HITPOINT WARNING * * *
Found a chain mail.
You feel sick. The slime creature hits you.
* * * LOW HITPOINT WARNING * * *
Something hits you!!
* * * LOW HITPOINT WARNING * * *
A slime creature suddenly disappears!
Drink which item? (? for menu, Esc to quit)
Okay, then.
Evoke which item? (* to show all) (? for menu, Esc to quit)
Zapping:
B - a wand of heal wounds (4)
Press: ? - help, Shift-Dir - straight line, f - you That seemed strangely inert.
This wand has 3 charges left.
You feel sick.
Xom's power touches on a nearby monster.
The slime creature suddenly seems more resistant.
You block the slime creature's attack. x2
The slime creature hits you but does no damage. x2
Something hits you!!
You die...
Xom chortles!

♣§≈≈≈..≈≈≈≈.≈≈≈..♣
♣♣
♣♣≈≈≈≈≈.≈.≈♣.≈...♣♣
.
♣≈≈≈≈≈≈≈..♣♣.≈§..♣
♣≈ ≈.≈≈.≈♣♣ ♣..
♣.....♣ ♣[≈♣
♣♣...≈♣♣♣♣.
♣§≈.♣♣≈.≈≈..≈≈≈≈
♣≈≈≈≈J{..≈§≈≈≈≈≈
♣♣.^[@J...≈≈≈≈≈.
♣♣≈.≈≈≈..§≈≈≈..
♣♣.≈≈≈≈♣....♣♣
♣♣♣§♣♣♣♣♣♣♣♣ ♣♣♣


You could see 2 slime creatures.

Vanquished Creatures
  A quicksilver dragon (IceCv)
  Agnes (D:15)
  Gastronok (Orc:1)
  2 thorn hunters (Swamp:3)
  An orc warlord (Orc:4)
  A stone giant (Orc:4)
  Nessos (Orc:4)
  A spark wasp (Swamp:1)
  4 dire elephants (Lair:8)
  Azrael (D:12)
  The ghost of P0WERM0DE the Severer, a journeyman DsCK of Xom (Orc:4)
  A minotaur (Lab)
  Josephine (D:13)
  Erolcha (Orc:1)
  15 hydras
  2 ghost crabs (Swamp:2)
  A catoblepas (Lair:7)
  An anaconda (Lair:8)
  2 centaur warriors
  5 alligators
  A queen ant (Lair:3)
  3 tengu warriors
  A satyr (shapeshifter) (Lair:8)
  4 orc high priests (Orc:4)
  4 death yaks
  The ghost of Arkorax the Fighter, a novice DgGl (D:8)
  A spriggan druid (Swamp:3)
  A shambling mangrove (Swamp:1)
  Pikel (D:9)
  2 swamp dragons
  4 hill giants
  4 orc knights
  A necromancer (D:14)
  A wolf spider zombie (D:15)
  A wolf spider (Lair:4)
  A cyclops (D:14)
  An oklob plant (Lair:1)
  5 orc sorcerers (Orc:4)
  A griffon (Lair:7)
  8 ugly things
  9 elephants
  A manticore (D:13)
  5 black mambas
  Psyche (D:8)
  An ice statue (IceCv)
  2 torpor snails
  2 gargoyles
  2 centaur zombies
  24 spiny frogs
  6 komodo dragons
  2 fire drakes
  12 slime creatures
  A jumping spider (Lair:4)
  An efreet (D:14)
  12 blink frogs
  4 trolls
  14 polar bears
  5 giant leeches
  3 bog bodies
  9 two-headed ogres
  A boulder beetle (Lair:6)
  2 water elementals (D:15)
  3 spriggans
  5 wraiths
  A shadow (D:14)
  A tarantella (Swamp:1)
  A redback (Lair:4)
  6 basilisks
  The ghost of Proton the Skirmisher, an amateur NaFi of Cheibriados (D:3)
  3 fire elementals (D:12)
  3 deep elf magi
  A wyvern (Lair:2)
  A vampire (D:14)
  65 yaks
  33 wolves
  6 soldier ants
  13 hippogriffs
  11 vampire mosquitoes
  8 insubstantial wisps
  A warg (Orc:1)
  4 hell hounds
  48 orc warriors
  20 swamp worms
  12 water moccasins
  6 sky beasts
  7 porcupines
  4 wasps
  7 swamp drakes
  3 slaves (D:9)
  9 necrophages
  A black bear (D:13)
  13 ice beasts
  7 centaurs
  18 crocodiles
  16 ogres
  6 big kobolds
  An eye of draining (D:13)
  A crocodile (shapeshifter) (D:12)
  3 gnoll sergeants
  24 giant frogs
  3 wyvern zombies
  2 wyvern skeletons
  23 killer bees
  A water moccasin skeleton (D:10)
  3 scorpions
  4 wights (D:12)
  5 electric eels
  45 orc priests
  11 crimson imps
  Crazy Yiuf (D:5)
  7 hounds
  8 jellies
  8 centaur skeletons
  7 iguanas
  21 worker ants
  3 giant frog skeletons
  Terence (D:2)
  A quasit (D:7)
  39 orc wizards
  6 hell rats (Lair:8)
  A killer bee zombie (D:9)
  18 sheep
  A hound zombie (D:8)
  2 worker ant zombies
  11 adders
  12 gnolls
  3 shadow imps
  37 river rats
  19 oozes
  2 adder skeletons
  2 adder zombies
  4 worms
  6 giant geckos
  227 orcs
  4 bats
  8 giant cockroaches
  7 hobgoblins
  3 jackals (D:9)
  7 quokkas
  A ball python (D:7)
  A giant gecko skeleton (D:4)
  2 giant newts (D:1)
  7 goblins
  36 kobolds
  A quokka zombie (D:7)
  6 rats
  A briar patch (Swamp:3)
  A fungus (Lair:8)
  2 plants
1213 creatures vanquished.

Vanquished Creatures (collateral kills)
  A dire elephant (Lair:8)
  A troll (D:14)
  A blink frog (Lair:5)
  A human (D:7)
  A hippogriff (D:14)
  A swamp worm (Swamp:1)
  A killer bee (D:7)
  An orc priest (Orc:4)
  2 sheep (D:7)
  A gnoll (D:5)
  An orc (Orc:4)
12 creatures vanquished.

Vanquished Creatures (others)
  An unseen horror (D:14)
  A griffon (D:14)
  A polar bear (IceCv)
  4 yaks
  3 wolves (IceCv)
  An ice beast (D:7)
  A centaur (D:13)
  A wasp (Swamp:4)
  An ogre (D:14)
  3 killer bees
  3 orcs
  A goblin (D:2)
  2 kobolds (D:13)
  15 fungi
  26 plants
64 creatures vanquished.

Grand Total: 1289 creatures vanquished

Notes
Turn   | Place    | Note
--------------------------------------------------------------
     0 | D:1      | Mindmaker the Ogre Chaos Knight began the quest for the Orb.
     0 | D:1      | Reached XP level 1. HP: 24/24 MP: 1/1
    47 | D:1      | Found a glowing golden altar of the Shining One.
   216 | D:1      | Reached XP level 2. HP: 26/32 MP: 2/2
   410 | D:1      | XOM: divination: detect creatures
   476 | D:1      | Reached skill level 5 in Maces & Flails
   546 | D:1      | XOM: silly message
   587 | D:1      | XOM: mild Conj miscast
   702 | D:1      | Reached skill level 1 in Throwing
   851 | D:2      | Reached XP level 3. HP: 39/39 MP: 3/3
   905 | D:2      | XOM is BORED!
   905 | D:2      | XOM: noise
   912 | D:2      | XOM: divination: detect creatures
   974 | D:2      | XOM: vitrification
   999 | D:2      | XOM: 6-stop teleportation journey
  1287 | D:2      | Reached XP level 4. HP: 41/48 MP: 4/4
  1403 | D:3      | Noticed Proton's ghost (amateur NaFi)
  1635 | D:3      | Noticed Terence
  1642 | D:3      | XOM: divination: magic mapping
  1643 | D:3      | XOM: harmless Conj miscast
  1961 | D:2      | Killed Terence
  1961 | D:2      | Reached skill level 5 in Fighting
  1961 | D:2      | Reached XP level 5. HP: 36/57 MP: 5/5
  2372 | D:3      | XOM: divination: magic mapping
  2406 | D:3      | XOM: summons friendly ufetubus
  2417 | D:3      | Killed Proton's ghost
  2417 | D:3      | Reached skill level 7 in Fighting
  2417 | D:3      | Reached XP level 6. HP: 30/71 MP: 6/6
  2470 | D:3      | Found a faded altar to an unknown god.
  2789 | D:4      | XOM: blink monster(s)
  3003 | D:4      | XOM: smoke on damage
  3018 | D:4      | XOM: colour smoke trail
  3307 | D:4      | Found a staircase to the Ecumenical Temple.
  3322 | Temple   | Entered the Ecumenical Temple
  3559 | D:4      | XOM: vitrification
  3566 | D:4      | XOM: give mutations
  3566 | D:4      | Gained mutation: You are surrounded by a mild repulsion field (EV +2). [Xom's grace]
  3566 | D:4      | Gained mutation: You possess an exceptional clarity of mind. [Xom's grace]
  3566 | D:4      | Gained mutation: You have large cloven feet. [Xom's grace]
  3646 | D:4      | XOM: cast spell 'Spider Form'
  3823 | D:3      | Reached XP level 7. HP: 59/78 MP: 7/7
  3871 | D:4      | XOM: 1-stop teleportation journey
  4224 | D:5      | Entered Level 5 of the Dungeon
  4244 | D:5      | Found a stormy altar of Qazlal.
  4319 | D:5      | XOM is BORED!
  4319 | D:5      | XOM: mild Erth miscast
  4350 | D:5      | XOM: cast spell 'Statue Form'
  4376 | D:5      | XOM: divination: detect items
  4448 | D:5      | XOM: smoke on damage
  4486 | D:5      | XOM: vitrification
  4691 | D:5      | XOM: give mutations
  4691 | D:5      | Gained mutation: You have a somewhat thin skeletal structure (Dex +2, Stealth). [Xom's grace]
  4691 | D:5      | Gained mutation: Your spells are a little harder to cast, but a little more powerful. [Xom's grace]
  4691 | D:5      | Gained mutation: Your spells are harder to cast, but more powerful. [Xom's grace]
  4691 | D:5      | Gained mutation: Your flesh is cold resistant. [Xom's grace]
  4830 | D:5      | XOM: confuse monster(s)
  4867 | D:5      | Reached skill level 8 in Maces & Flails
  5087 | D:5      | XOM: give mutations
  5087 | D:5      | Gained mutation: You are partially covered in slimy green scales (AC +2). [Xom's grace]
  5087 | D:5      | Gained mutation: You can translocate small distances at will. [Xom's grace]
  5087 | D:5      | Gained mutation: You are robust (+10% HP). [Xom's grace]
  5092 | D:5      | XOM: summons friendly iron imp
  5094 | D:5      | Reached XP level 8. HP: 45/95 MP: 8/8
  5358 | D:5      | Noticed Crazy Yiuf
  5368 | D:5      | XOM: enchant monster (bad)
  5370 | D:5      | Killed Crazy Yiuf
  5503 | D:6      | Found a radiant altar of Vehumet.
  5526 | D:6      | Reached skill level 9 in Maces & Flails
  5785 | D:6      | XOM: polymorph black bear -> hell hound
  6050 | D:6      | Reached skill level 5 in Dodging
  6259 | D:5      | XOM: severe Chrm miscast
  6259 | D:5      | Paralysed by the severe capriciousness of Xom for 4 turns
  6332 | D:5      | XOM: harmless Ice miscast
  6473 | D:7      | XOM: blink monster(s)
  6729 | D:7      | Reached skill level 5 in Throwing
  6764 | D:7      | XOM: silly message
  6771 | D:7      | Found a basalt altar of Yredelemnul.
  6973 | D:7      | XOM: 3-stop teleportation journey
  6980 | D:7      | XOM: harmless Erth miscast
  7029 | D:7      | XOM: summons 6 friendly demons
  7076 | D:7      | Reached skill level 10 in Maces & Flails
  7076 | D:7      | Reached XP level 9. HP: 74/102 MP: 9/9
  7325 | D:7      | XOM: 4-stop teleportation journey
  7619 | D:7      | XOM: summons 2 friendly demons
  7730 | D:7      | XOM: give mutations
  7730 | D:7      | Gained mutation: Your system is resistant to poisons. [Xom's grace]
  7730 | D:7      | Gained mutation: You are resistant to hostile enchantments. [Xom's grace]
  7730 | D:7      | Gained mutation: Your flesh is very cold resistant. [Xom's grace]
  7730 | D:7      | Gained mutation: You are resistant to electric shocks. [Xom's grace]
  8257 | D:7      | XOM: noise
  8483 | D:7      | XOM: harmless Chrm miscast
  8485 | D:7      | XOM: divine lightning (protected)
  8528 | D:7      | XOM: cast spell 'Olgreb's Toxic Radiance'
  8533 | D:7      | Reached skill level 10 in Fighting
  8822 | D:7      | XOM: summons friendly shadow imp
  8928 | D:8      | XOM: noise
  9000 | D:7      | XOM: mild Summ miscast
  9130 | D:7      | XOM: enchant monster (good)
  9172 | D:6      | XOM: summons friendly crimson imp
  9482 | D:7      | XOM: summons friendly crimson imp
  9583 | D:7      | XOM: mild Pois miscast
  9687 | D:8      | Noticed Arkorax's ghost (novice DgGl)
  9846 | D:8      | XOM: vitrification
 10068 | D:8      | XOM: enchant monster (good)
 10133 | D:7      | Reached XP level 10. HP: 121/121 MP: 10/10
 10333 | D:8      | Reached skill level 11 in Maces & Flails
 10522 | D:8      | XOM: potion effect (agility)
 10535 | D:8      | Found a shattered altar of Ashenzari.
 10557 | D:8      | Noticed Maurice
 10677 | D:8      | XOM: cast spell 'Ring of Flames'
 10745 | D:8      | XOM: cast spell 'Summon Butterflies'
 10800 | D:8      | Noticed Psyche
 10800 | D:8      | XOM: potion effect (agility)
 10805 | D:8      | Killed Psyche
 10827 | D:8      | Found Arecs's Antique Armour Emporium.
 10830 | D:8      | Bought a troll leather armour for 375 gold pieces
 10866 | D:8      | Killed Arkorax's ghost
 11078 | D:9      | Gained mutation: Your muscles are strong. (Str +2) [potion of beneficial mutation]
 11188 | D:9      | XOM: cast spell 'Necromutation'
 11563 | D:9      | XOM: cast spell 'Statue Form'
 11739 | D:9      | Found an ancient bone altar of Kikubaaqudgha.
 11761 | D:9      | Found a deep blue altar of Sif Muna.
 11763 | D:9      | Found a white marble altar of Elyvilon.
 12117 | D:9      | XOM: potion effect (invisibility)
 12130 | D:9      | XOM: divination: detect items
 12136 | D:9      | Noticed Pikel
 12155 | D:9      | Killed Pikel
 12328 | D:9      | XOM: confuse monster(s)
 12423 | D:9      | XOM: cast spell 'Hydra Form'
 12563 | D:10     | Entered Level 10 of the Dungeon
 12614 | D:10     | XOM: confuse monster(s)
 12692 | D:10     | XOM: confuse monster(s)
 12695 | D:10     | Reached skill level 10 in Dodging
 12695 | D:10     | Reached XP level 11. HP: 132/132 MP: 11/11
 12759 | D:10     | XOM: silly message
 12839 | D:10     | XOM: silly message
 13013 | D:10     | XOM: potion effect (haste)
 13019 | D:10     | Reached skill level 12 in Maces & Flails
 13079 | D:10     | Found a staircase to the Orcish Mines.
 13151 | D:10     | XOM is BORED!
 13151 | D:10     | XOM: noise
 13473 | D:10     | XOM: harmless Air miscast
 13638 | D:10     | XOM: harmless Necr miscast
 13698 | D:11     | Found a staircase to the Lair.
 13748 | D:11     | XOM: harmless Trmt miscast
 13754 | D:11     | XOM: potion effect (agility)
 13809 | D:11     | Noticed a six-headed hydra
 13812 | D:11     | XOM: blink monster(s)
 13816 | D:11     | Killed a six-headed hydra
 13827 | D:11     | XOM: destruction
 13828 | D:11     | Noticed a hill giant
 13828 | D:11     | Noticed an ettin
 13828 | D:11     | a purple ugly thing changed into an ettin
 13828 | D:11     | XOM: polymorph purple ugly thing -> ettin
 13849 | D:10     | Killed a hill giant
 13853 | D:11     | XOM: enchant monster (bad)
 13854 | D:10     | XOM: enchant monster (good)
 13878 | D:10     | XOM: potion effect (berserk rage)
 13974 | D:11     | XOM: colour smoke trail
 14125 | D:11     | XOM: potion effect (haste)
 14460 | D:11     | XOM: smoke on damage
 14470 | Lair:1   | Entered Level 1 of the Lair of Beasts
 14528 | Lair:1   | Found a labyrinth entrance.
 14537 | Lab      | Entered a labyrinth
 14859 | Lab      | XOM: divination: magic mapping
 14860 | Lab      | XOM: smoke on damage
 14987 | Lab      | Noticed a minotaur
 15014 | Lab      | XOM: confuse monster(s)
 15035 | Lab      | XOM: noise
 15039 | Lab      | Killed a minotaur
 15041 | Lab      | Got an iridescent scimitar {flame}
 15042 | Lab      | Identified the cursed +1 scimitar "Hell-Harrower" {flame, *Noise rF+++ Dex+5} (You took it off a minotaur in a labyrinth)
 15108 | Lair:1   | Identified a cursed +5 rod of ignition (13/13) (You found it in a labyrinth)
 15161 | Lair:1   | XOM: mild Conj miscast
 15185 | Lair:1   | Noticed a seven-headed hydra
 15198 | Lair:1   | XOM: potion effect (berserk rage)
 15200 | Lair:1   | Killed a seven-headed hydra
 15200 | Lair:1   | Reached XP level 12. HP: 112/145 MP: 12/12
 15273 | Lair:1   | Reached skill level 10 in Throwing
 15284 | Lair:1   | XOM: divination: detect creatures
 15335 | Lair:1   | XOM: enchant monster (good)
 15480 | Lair:1   | XOM: smoke on damage
 15607 | Lair:1   | XOM: summons 2 friendly demons
 15933 | Lair:1   | XOM: cast spell 'Summon Butterflies'
 16373 | D:9      | XOM: cast spell 'Hydra Form'
 16523 | Lair:2   | XOM: harmless Fire miscast
 16532 | Lair:2   | Reached skill level 1 in Armour
 16682 | Lair:2   | XOM: potion effect (invisibility)
 16964 | Lair:2   | XOM: cast spell 'Spider Form'
 17011 | Lair:2   | XOM is BORED!
 17011 | Lair:2   | XOM: summons 5 hostile shadow creatures
 17198 | Lair:2   | XOM: colour smoke trail
 17247 | Lair:2   | Reached skill level 5 in Armour
 17316 | Lair:2   | XOM: harmless Chrm miscast
 17403 | Lair:3   | Noticed a queen ant
 17409 | Lair:3   | XOM: confuse monster(s)
 17425 | Lair:3   | Killed a queen ant
 17495 | Lair:3   | XOM: harmless Fire miscast
 17527 | Lair:3   | XOM: mild Erth miscast
 17547 | Lair:3   | XOM: mild Pois miscast
 17738 | Lair:3   | Reached skill level 13 in Maces & Flails
 17768 | Lair:3   | XOM: give mutations
 17768 | Lair:3   | Lost mutation: Your spells are harder to cast, but more powerful. [Xom's mischief]
 17768 | Lair:3   | Lost mutation: You have large cloven feet. [Xom's mischief]
 17768 | Lair:3   | Lost mutation: You can translocate small distances at will. [Xom's mischief]
 17873 | Lair:3   | XOM: blink monster(s)
 17884 | Lair:3   | XOM: noise
 18151 | Lair:3   | XOM: severe Erth miscast
 18273 | Lair:4   | Reached XP level 13. HP: 127/155 MP: 13/13
 18378 | Lair:4   | XOM: stat loss: -1 Dex (14/15)
 18498 | Lair:4   | Found a hole to the Spider Nest.
 18524 | Lair:4   | XOM: harmless Erth miscast
 18551 | Lair:4   | XOM: harmless Conj miscast
 18601 | Lair:4   | XOM: blink monster(s)
 18636 | Lair:4   | XOM: harmless Tloc miscast
 18736 | Lair:4   | XOM: silly message
 18773 | Lair:4   | XOM: harmless Divn miscast
 19089 | Lair:4   | XOM: noise
 19257 | Lair:4   | XOM: stat loss: -1 Int (10/11)
 19307 | Lair:5   | XOM: mild Tloc miscast
 19338 | Lair:5   | XOM: summons 6 hostile demons
 19369 | Lair:5   | You fall through a shaft!
 19376 | Lair:6   | XOM: harmless Air miscast
 19404 | Lair:6   | Found a staircase to the Swamp.
 19405 | Lair:6   | XOM: god gift: scroll of teleportation
 19484 | Lair:6   | XOM: divination: detect items
 19515 | Lair:6   | XOM: divination: detect creatures
 19546 | Lair:6   | XOM: potion effect (might)
 19550 | Lair:6   | XOM: confuse monster(s)
 19553 | Lair:6   | XOM: silly message
 19599 | Lair:6   | XOM: destruction
 19617 | Lair:6   | XOM: 1-stop teleportation journey
 19677 | Lair:5   | XOM: vitrification
 19700 | Lair:5   | XOM: vitrification
 19710 | Lair:5   | XOM: destruction
 19743 | Lair:5   | XOM: summons 13 friendly demons
 19902 | Lair:5   | XOM: enchant monster (good)
 19912 | Lair:5   | XOM: blink monster(s)
 19916 | Lair:5   | XOM: enchant monster (bad)
 19930 | Lair:5   | XOM: mild Summ miscast
 19932 | Lair:5   | XOM: 1-stop teleportation journey
 20009 | Lair:5   | XOM: swap monsters
 20074 | Lair:5   | XOM: confuse monster(s)
 20247 | Lair:5   | XOM: harmless Ice miscast
 20332 | Lair:5   | XOM: vitrification
 20522 | Lair:6   | XOM: give mutations
 20522 | Lair:6   | Gained mutation: You have a pair of small horns on your head. [Xom's grace]
 20522 | Lair:6   | Gained mutation: You passively map a small area around you. [Xom's grace]
 20522 | Lair:6   | Gained mutation: You are very robust (+20% HP). [Xom's grace]
 20605 | Lair:6   | XOM: colour smoke trail
 20726 | Lair:6   | XOM: potion effect (haste)
 20743 | Lair:6   | Reached skill level 14 in Maces & Flails
 20787 | Lair:6   | XOM: blink monster(s)
 20829 | Lair:7   | XOM: noise
 20983 | Lair:7   | XOM: enchant monster (bad)
 21004 | Lair:7   | XOM: summons friendly ufetubus
 21085 | Lair:7   | XOM: potion effect (might)
 21094 | Lair:7   | XOM: enchant monster (good)
 21099 | Lair:7   | XOM: silly message
 21138 | Lair:7   | Reached XP level 14. HP: 184/187 MP: 14/14
 21218 | Lair:7   | XOM: mild Hex miscast
 21447 | Lair:7   | XOM: give mutations
 21447 | Lair:7   | Lost mutation: Your muscles are strong. (Str +2) [Xom's mischief]
 21447 | Lair:7   | Lost mutation: You are resistant to hostile enchantments. [Xom's mischief]
 21563 | Lair:7   | XOM: mild Hex miscast
 21660 | Lair:7   | XOM: mild Pois miscast
 21683 | Lair:7   | XOM: torment (93/187 hp)
 21704 | Lair:7   | XOM: potion effect (experience)
 21704 | Lair:7   | Reached XP level 15. HP: 148/195 MP: 15/15
 21705 | Lair:7   | XOM: cast spell 'Confusing Touch'
 21842 | Lair:7   | XOM: cast spell 'Summon Butterflies'
 21857 | Lair:8   | Entered Level 8 of the Lair of Beasts
 21871 | Lair:8   | XOM: swap monsters
 21887 | Lair:8   | XOM: confuse monster(s)
 21889 | Lair:8   | XOM: give mutation
 21889 | Lair:8   | Gained mutation: Your muscles are strong. (Str +2) [Xom's grace]
 21898 | Lair:8   | XOM: give mutations
 21898 | Lair:8   | Gained mutation: You are somewhat resistant to further mutation. [Xom's grace]
 21898 | Lair:8   | Gained mutation: You have an increased reservoir of magic (+10% MP). [Xom's grace]
 21898 | Lair:8   | Gained mutation: Your flesh is almost immune to the effects of cold. [Xom's grace]
 21898 | Lair:8   | Gained mutation: You passively map the area around you. [Xom's grace]
 21951 | Lair:8   | XOM: swap monsters
 21954 | Lair:8   | Found a staircase to the Slime Pits.
 22022 | Lair:8   | XOM: confuse monster(s)
 22151 | Lair:8   | XOM: 3-stop teleportation journey
 22165 | Lair:8   | XOM: give mutations
 22165 | Lair:8   | Lost mutation: Your spells are a little harder to cast, but a little more powerful. [Xom's mischief]
 22165 | Lair:8   | Lost mutation: You are somewhat resistant to further mutation. [Xom's mischief]
 22275 | Lair:8   | XOM: mild Necr miscast
 22315 | Lair:8   | XOM: enchant monster (bad)
 22532 | Lair:8   | XOM: colour smoke trail
 22575 | Lair:8   | XOM: summons 5 hostile shadow creatures
 22580 | Lair:8   | XOM: enchant monster (bad)
 22618 | Lair:8   | XOM: harmless Conj miscast
 22695 | Lair:8   | XOM: mild Hex miscast
 22785 | Lair:8   | XOM: enchant monster (bad)
 22804 | Lair:8   | XOM: confuse monster(s)
 22805 | Lair:8   | XOM: 4-stop teleportation journey
 22930 | Lair:8   | XOM: summons 12 friendly demons
 22932 | Lair:8   | XOM: mild Chrm miscast
 22974 | Lair:8   | Identified Iseto's Almanac of the Traveller
 23003 | Lair:8   | XOM: mild Erth miscast
 23037 | Lair:8   | Reached skill level 1 in Shields
 23149 | Lair:8   | XOM: polymorph elephant -> merfolk
 23161 | Lair:8   | XOM: chaos cloud
 23171 | Lair:8   | XOM: potion effect (berserk rage)
 23290 | Lair:8   | XOM: harmless Ice miscast
 23291 | Lair:8   | XOM: blink monster(s)
 23469 | Lair:4   | XOM: god gift: 26 stones
 23470 | Lair:4   | XOM: medium Divn miscast
 23574 | Orc:1    | Entered Level 1 of the Orcish Mines
 23583 | Orc:1    | XOM: swap monsters
 23673 | Orc:1    | Noticed Erolcha
 23683 | Orc:1    | XOM: destruction
 23788 | Lair:3   | XOM: harmless Conj miscast
 23870 | Swamp:1  | Entered Level 1 of the Swamp
 23875 | Swamp:1  | XOM: polymorph alligator -> spark wasp
 23877 | Swamp:1  | XOM: confuse monster(s)
 23948 | Spider:1 | Entered Level 1 of the Spider Nest
 24034 | Lair:2   | XOM: god gift: small silver ring {god gift}
 24150 | D:12     | Found Mosaoram's General Store.
 24165 | D:12     | XOM: confuse monster(s)
 24172 | D:12     | XOM: cast spell 'Ring of Flames'
 24181 | D:12     | Reached skill level 5 in Shields
 24199 | D:12     | Found a frozen archway.
 24200 | D:12     | Bought a scroll of acquirement for 728 gold pieces
 24218 | IceCv    | Entered an ice cave
 24232 | IceCv    | XOM: potion effect (haste)
 24253 | IceCv    | Upgraded the game from 0.18-a0-738-g888b110 to 0.18-a0-750-g37044d6
 24307 | IceCv    | XOM: 2-stop teleportation journey
 24308 | IceCv    | Noticed a frost giant
 24384 | IceCv    | XOM: divination: detect items
 24433 | IceCv    | XOM: potion effect (brilliance)
 24446 | IceCv    | XOM: summons friendly quasit
 24461 | IceCv    | XOM: enchant monster (good)
 24471 | IceCv    | XOM: swap monsters
 24475 | IceCv    | XOM: destruction
 24593 | IceCv    | XOM: 6-stop teleportation journey
 24606 | IceCv    | XOM: polymorph polar bear -> basilisk
 24633 | IceCv    | Noticed a quicksilver dragon
 24633 | IceCv    | a frost giant changed into a quicksilver dragon
 24633 | IceCv    | XOM: polymorph frost giant -> quicksilver dragon
 24647 | IceCv    | Killed a quicksilver dragon
 24844 | IceCv    | XOM: harmless Hex miscast
 24881 | IceCv    | XOM: divination: detect items
 24884 | IceCv    | Reached XP level 16. HP: 185/206 MP: 17/17
 24964 | IceCv    | XOM: divination: detect creatures
 25228 | D:12     | XOM: 1-stop teleportation journey
 25411 | D:12     | Noticed Azrael
 25432 | D:12     | XOM: enchant monster (good)
 25441 | D:12     | Killed Azrael
 25454 | D:12     | XOM: summons friendly crimson imp
 25497 | D:12     | XOM: polymorph deep elf mage -> warg
 25542 | D:12     | XOM: chaos upgrade
 25779 | D:12     | Found a portal to a secret trove of treasure.
 25814 | D:12     | XOM: mild Hex miscast
 25916 | D:12     | XOM: summons 4 hostile shadow creatures
 26047 | D:13     | Noticed Josephine
 26068 | D:12     | XOM: stat loss: -1 Dex (15/16)
 26174 | D:13     | XOM: chaos upgrade
 26258 | D:13     | XOM: swap monsters
 26304 | D:13     | Killed Josephine
 26318 | D:13     | XOM: potion effect (haste)
 26322 | D:13     | XOM: fake destruction
 26336 | D:13     | XOM: divine lightning
 26394 | D:13     | XOM: god gift: scroll of amnesia
 26516 | D:13     | XOM: divine lightning
 26619 | D:13     | XOM: vitrification
 26657 | D:13     | XOM: confuse monster(s)
 26672 | D:13     | XOM: vitrification
 26973 | D:14     | XOM: god gift: fluorescent wand {god gift}
 27047 | D:14     | Found Gutux's Magic Scroll Boutique.
 27054 | D:14     | Bought a scroll of remove curse for 54 gold pieces
 27054 | D:14     | Bought a scroll of teleportation for 54 gold pieces
 27054 | D:14     | Bought a scroll of teleportation for 54 gold pieces
 27054 | D:14     | Bought a scroll of brand weapon for 360 gold pieces
 27298 | D:14     | XOM: vitrification
 27306 | D:14     | Reached skill level 10 in Shields
 27328 | D:14     | Found Cogarch's Food Emporium.
 27426 | D:14     | Found Qamotoepp's Food Boutique.
 27431 | D:14     | XOM: harmless Fire miscast
 27530 | D:14     | XOM: medium Air miscast
 27755 | D:14     | Found a gate to the Vaults.
 28051 | D:14     | XOM: give mutation
 28051 | D:14     | Lost mutation: Your flesh is almost immune to the effects of cold. [Xom's mischief]
 28163 | D:14     | Got a smoking eveningstar
 28164 | D:14     | Identified the +6 eveningstar "Covuel" {drain, rN+} (You found it on level 14 of the Dungeon)
 28197 | D:15     | Entered Level 15 of the Dungeon
 28291 | D:15     | XOM: polymorph electric eel -> adder
 28303 | D:15     | XOM: give mutations
 28303 | D:15     | Lost mutation: You are very robust (+20% HP). [Xom's mischief]
 28303 | D:15     | Lost mutation: You passively map the area around you. [Xom's mischief]
 28333 | D:15     | Noticed Agnes
 28351 | D:15     | Killed Agnes
 28463 | D:11     | XOM: silly message
 28521 | Orc:1    | Killed Erolcha
 28577 | Orc:1    | XOM: noise
 28614 | Orc:1    | XOM: divination: magic mapping
 28714 | Orc:1    | XOM: divination: detect items
 28719 | Orc:1    | Got a sparkling wooden ring
 28720 | Orc:1    | Identified the ring "Juelopi" {rElec Slay+3} (You acquired it on level 1 of the Orcish Mines)
 28738 | Orc:1    | Noticed Gastronok
 28740 | Orc:1    | XOM: harmless Fire miscast
 28745 | Orc:1    | XOM: harmless Hex miscast
 28751 | Orc:1    | Killed Gastronok
 28808 | Orc:2    | Found Coezoriv's Antique Armour Boutique.
 29073 | Orc:1    | You fall through a shaft!
 29233 | Orc:2    | XOM: divination: detect creatures
 29286 | Orc:2    | XOM: noise
 29299 | Orc:2    | XOM: mild Air miscast
 29313 | Orc:2    | Found a deep blue altar of Sif Muna.
 29344 | Orc:2    | XOM: harmless Fire miscast
 29345 | Orc:2    | Identified Sif Muna's Incunabulum of Moulding (You found it on level 2 of the Orcish Mines)
 29350 | Orc:2    | XOM: god gift: 67 gold pieces
 29426 | Orc:2    | XOM: god gift: scroll of immolation
 29580 | Orc:3    | XOM: give mutation
 29580 | Orc:3    | Gained mutation: Your mind is acute. (Int +2) [Xom's grace]
 29629 | Orc:3    | Found a shimmering altar of Xom.
 29727 | Orc:3    | XOM: 1-stop teleportation journey
 29803 | Orc:3    | XOM: 9-stop teleportation journey
 29964 | Orc:3    | Found a roughly hewn altar of Beogh.
 30165 | Orc:4    | Entered Level 4 of the Orcish Mines
 30165 | Orc:4    | Noticed P0WERM0DE's ghost (journeyman DsCK)
 30165 | Orc:4    | XOM: summons friendly white imp
 30180 | Orc:4    | Killed P0WERM0DE's ghost
 30362 | Orc:4    | XOM: potion effect (haste)
 30434 | Orc:4    | XOM: divination: magic mapping
 30727 | Orc:4    | Found a staircase to the Elven Halls.
 30788 | Orc:4    | Noticed Nessos
 30800 | Orc:4    | XOM: summons friendly crimson imp
 30805 | Orc:4    | Killed Nessos
 30823 | Orc:4    | XOM: confuse monster(s)
 30863 | Orc:4    | XOM: potion effect (might)
 30864 | Orc:4    | Found a roughly hewn altar of Beogh.
 30873 | Orc:4    | XOM: god gift: scroll of blinking
 30874 | Orc:4    | Reached skill level 15 in Maces & Flails
 30885 | Orc:4    | XOM: god gift: mace {god gift}
 30895 | Orc:4    | Found Fagot's Armour Boutique.
 30954 | Orc:4    | XOM: divination: detect items
 30959 | Orc:4    | XOM: summons friendly iron imp
 30964 | Orc:4    | Found Paotalif's Armour Shop.
 31015 | Orc:4    | XOM: summons friendly quasit
 31022 | Orc:4    | XOM: blink monster(s)
 31032 | Orc:4    | XOM: 1-stop teleportation journey
 31122 | Orc:4    | XOM: god gift: phantom mirror
 31207 | Orc:4    | XOM: chaos upgrade
 31208 | Orc:4    | Reached XP level 17. HP: 198/198 MP: 18/18
 31466 | Orc:4    | XOM is BORED!
 31466 | Orc:4    | XOM: summons 4 hostile shadow creatures
 31488 | Orc:4    | Found Ytzuetea's Armour Boutique.
 31513 | Orc:4    | Found Omymeb's Book Shop.
 31543 | Orc:4    | XOM: fake destruction
 31566 | Orc:4    | Found a roughly hewn altar of Beogh.
 31599 | Orc:4    | XOM: fog
 31600 | Orc:4    | Reached skill level 16 in Maces & Flails
 32016 | Orc:1    | XOM: noise
 32250 | Swamp:1  | XOM: swap monsters
 32254 | Swamp:1  | XOM: 5-stop teleportation journey
 32297 | Swamp:1  | XOM: noise
 32312 | Swamp:1  | XOM: summons 5 friendly demons
 32352 | Swamp:1  | XOM: enchant monster (good)
 32358 | Swamp:1  | XOM: 1-stop teleportation journey
 32404 | Swamp:1  | XOM: god gift: 16 arrows of flame
 32434 | Swamp:1  | XOM: 2-stop teleportation journey
 32487 | Swamp:1  | XOM: polymorph swamp dragon -> tarantella
 32512 | Swamp:1  | XOM: god gift: slice of pizza
 32702 | Swamp:1  | XOM: god gift: 4770 gold pieces
 32919 | Swamp:1  | XOM: scenery: create altars
 32926 | Swamp:1  | XOM: harmless Divn miscast
 32969 | Swamp:1  | XOM: mild Conj miscast
 33012 | Swamp:2  | Reached skill level 15 in Fighting
 33062 | Swamp:2  | XOM: summons 4 hostile shadow creatures
 33221 | Swamp:2  | XOM: 1-stop teleportation journey
 33247 | Swamp:2  | XOM: give mutations
 33247 | Swamp:2  | Gained mutation: You are resistant to hostile enchantments. [Xom's mischief]
 33247 | Swamp:2  | Lost mutation: Your mind is acute. (Int +2) [Xom's mischief]
 33247 | Swamp:2  | Lost mutation: You passively map a small area around you. [Xom's mischief]
 33247 | Swamp:2  | Lost mutation: You are resistant to hostile enchantments. [Xom's mischief]
 33328 | Swamp:2  | XOM: potion effect (magic)
 33349 | Swamp:2  | XOM: medium Trmt miscast
 33652 | Swamp:2  | XOM: noise
 33721 | Swamp:2  | XOM: polymorph swamp worm -> ghost crab
 33730 | Swamp:2  | XOM: noise
 33881 | Swamp:3  | XOM: polymorph swamp worm -> swamp dragon
 33886 | Swamp:3  | XOM: mild Hex miscast
 33896 | Swamp:3  | XOM: 1-stop teleportation journey
 33910 | Swamp:3  | XOM: enchant monster (bad)
 34108 | Swamp:3  | XOM: summons friendly iron imp
 34117 | Swamp:3  | XOM: mild Summ miscast
 34226 | Swamp:3  | XOM: enchant monster (bad)
 34232 | Swamp:3  | XOM: noise
 34249 | Swamp:2  | XOM: mild Fire miscast
 34272 | Swamp:2  | XOM: mild Ice miscast
 34460 | Swamp:3  | XOM: polymorph alligator -> giant leech
 34474 | Swamp:3  | XOM: give mutations
 34474 | Swamp:3  | Lost mutation: Your system is resistant to poisons. [Xom's mischief]
 34474 | Swamp:3  | Gained mutation: Your body sometimes deteriorates upon taking damage. [Xom's mischief]
 34474 | Swamp:3  | Lost mutation: Your body sometimes deteriorates upon taking damage. [Xom's mischief]
 34474 | Swamp:3  | Lost mutation: You possess an exceptional clarity of mind. [Xom's mischief]
 34585 | Swamp:3  | Reached skill level 17 in Fighting
 34746 | Swamp:3  | XOM: medium Air miscast
 34854 | Swamp:4  | Entered Level 4 of the Swamp
 34869 | Swamp:4  | XOM: give mutations
 34869 | Swamp:4  | Lost mutation: You are robust (+10% HP). [Xom's mischief]
 34869 | Swamp:4  | Lost mutation: Your muscles are strong. (Str +2) [Xom's mischief]
 34869 | Swamp:4  | Gained mutation: Your body sometimes deteriorates upon taking damage. [Xom's mischief]
 34966 | Swamp:4  | XOM: enchant monster (bad)
 35027 | Swamp:4  | XOM: polymorph wasp -> electric eel
 35055 | Swamp:4  | XOM: mild Tloc miscast
 35076 | Swamp:4  | XOM: enchant monster (bad)
 35078 | Swamp:4  | XOM: give mutations
 35078 | Swamp:4  | Lost mutation: You have a pair of small horns on your head. [Xom's mischief]
 35078 | Swamp:4  | Gained mutation: Scrolls take you a little longer to read. [Xom's mischief]
 35078 | Swamp:4  | Gained mutation: You have a pair of small horns on your head. [Xom's mischief]
 35082 | Swamp:4  | XOM: 5-stop teleportation journey
 35084 | Swamp:4  | XOM: enchant monster (bad)
 35086 | Swamp:4  | XOM: enchant monster (bad)
 35086 | Swamp:4  | Demolished by an enormous slime creature

Vault maps used:
D:1:      dpeg_arrival_windows_large_door, tso_metal_star
D:3:      ecumenical_altar_2, first_bread, uniq_terence
D:4:      minmay_temple_entry_mist
D:5:      nicolae_overflow_crystal_walls, uniq_crazy_yiuf_cottage
D:6:      basic_altar
D:7:      nicolae_overflow_hidden_temple, grunt_livestock,
          minmay_strange_pillars, kennysheep_nondescript, minivault_26
D:8:      nicolae_ashenzari_panopticon, serial_shops, shop, uniq_maurice,
          uniq_psyche
D:9:      minmay_goldmine, lemuel_round_altar, minitemple, uniq_pikel
D:10:     erik_orc_1
D:11:     lair_0_dummy
D:12:     nicolae_trove_entry_crossroad, portal_ice_cave_entry_ice_beasts,
          serial_shops, shop, uniq_azrael
D:13:     uniq_josephine
D:14:     david_vaults_1, serial_shops, nicolae_shop_waterfront,
          nicolae_shop_trees, shop, lemuel_flamethrower_hall
D:15:     hangedman_depths_entry_try_elsewhere_first, special_room,
          minmay_parallelograms, feat_on_display, uniq_agnes
Temple:   minmay_temple_curvy_14
Lair:1:   minmay_lair_oklob_chamber, lab_entry_generic, serial_bayou_pond_e
Lair:2:   gammafunk_lair_bear_cave
Lair:3:   lemuel_slime, wad_woods_antlair
Lair:4:   spider_nest_entry_funnel_web, nicolae_quartered_pool_super
Lair:6:   swamp_mist, serial_bayou_shore_a
Lair:7:   infiniplex_staircase_pool, lemuel_fruit_tree
Lair:8:   due_jungle_book, minmay_slime_entry_pillars, guppyfry_lair_drakes
Swamp:1:  evilmike_swamp_ruin_house_3, swamp_pool1, hangedman_swamp_diagram
Swamp:2:  evilmike_swamp_ruin_house_1, swamp_pool4, roderic_carrion_pond
Swamp:3:  evilmike_swamp_ruin_house_2
Swamp:4:  swamp_old_school
Orc:1:    uniq_erolcha, uniq_gastronok
Orc:2:    serial_shops, shop, led_sif_book
Orc:3:    basic_altar, nicolae_orc_pool_cavern, minmay_orc_temple_b
Orc:4:    pubby_orc_utopia, uniq_nessos
Lab:      nicolae_lab_t_cross, lab_block
IceCv:    ice_cave_caverns_02

Action                   |  1- 3 |  4- 6 |  7- 9 | 10-12 | 13-15 | 16-18 || total
-------------------------+-------+-------+-------+-------+-------+-------++-------
Melee: Mace              |   105 |   166 |   434 |       |       |       ||   705
       Unarmed           |       |     3 |       |       |       |     2 ||     5
       Morningstar       |       |       |     1 |   824 |  1094 |   419 ||  2338
       Eveningstar       |       |       |       |       |       |  1012 ||  1012
 Fire: Blowgun           |       |       |       |     3 |       |       ||     3
Throw: Tomahawk          |    15 |    20 |   132 |    58 |    27 |    32 ||   284
       Javelin           |       |       |       |       |    14 |     8 ||    22
 Abil: Evoke Flight      |       |       |       |       |       |     4 ||     4
Evoke: Wand              |       |       |       |       |     1 |     3 ||     4
  Use: Scroll            |       |     2 |    16 |    14 |     7 |    16 ||    55
       Potion            |       |     2 |     4 |     3 |     3 |     3 ||    15
 Stab: Petrifying        |     1 |     1 |       |       |       |     1 ||     3
       Sleeping          |       |     1 |     1 |     7 |     7 |    10 ||    26
       Paralysed         |       |     2 |     4 |       |       |       ||     6
       Invisible         |       |       |       |    11 |     4 |       ||    15
       Confused          |       |       |       |     4 |     4 |     1 ||     9
       Distracted        |       |       |       |     2 |     3 |     6 ||    11
       Petrified         |       |       |       |       |     1 |       ||     1
  Eat: Chunk             |     1 |     8 |    17 |    28 |    23 |    24 ||   101
       Fruit             |       |       |     5 |       |     1 |       ||     6
       Beef jerky        |       |       |     2 |       |       |     8 ||    10
       Pizza             |       |       |     1 |     1 |       |       ||     2
